 Dungeon Crawl Stone Soup version 0.28-a0-1594-ga885d4b3d6 (webtiles) character file.

Game seed: 9759318039759417156

1548 a3don the Chiller (level 8, -4/61 HPs)
             Began as a Barachi Ice Elementalist on Jan 21, 2022.
             Killed from afar by a steam dragon (22 damage)
             ... with a ball of steam
             ... on level 6 of the Dungeon.
             The game lasted 00:13:03 (6635 turns).

a3don the Chiller (Barachi Ice Elementalist)        Turns: 6635, Time: 00:13:06

Health: -4/61      AC:  5    Str: 11    XL:     8   Next: 87%
Magic:  12/15      EV: 13    Int: 17    God:
Gold:   185        SH:  6    Dex: 15    Spells: 6/17 levels left

rFire   . . .      SeeInvis .   a - +3 hand axe of Embarrassment {flame, Dex+3 Stlth+}
rCold   . . .      Faith    .   z - +1 buckler {AC+3}
rNeg    . . .      Spirit   .   g - +0 robe
rPois   .          Reflect  .   (no helmet)
rElec   .          Harm     .   (no cloak)
rCorr   .          Rampage  .   (no gloves)
Will    .....                   (no boots)
Stlth   +++.......              h - amulet of the acrobat
HPRegen 0.20/turn               o - ring of wizardry
MPRegen 0.14/turn               (no ring)

@: slow
A: amphibious, slowness 1, strong legs 1, +LOS
a: Hop


You were on level 6 of the Dungeon.
You visited 1 branch of the dungeon, and saw 6 of its levels.

You collected 185 gold pieces.

Inventory:

Hand Weapons
 a - the +3 hand axe of Embarrassment (weapon) {flame, Dex+3 Stlth+}
   (You found it on level 4 of the Dungeon)

   It burns those it strikes, dealing additional fire damage.
   Big, fiery blades are also staple armaments of hydra-hunters.
   Dex:       It affects your dexterity (+3).
   Stlth:     It makes you more stealthy.
 b - a +0 hunting sling
 d - a +0 dagger of speed
 A - a +2 whip of freezing
Missiles
 k - 176 stones (quivered)
 l - 55 sling bullets
 p - 6 boomerangs of dispersal
 y - 7 poisoned darts
Armour
 g - a +0 robe (worn)
 z - a +1 buckler of protection (worn)
Magical Staves
 q - a staff of poison
Jewellery
 h - an amulet of the acrobat (around neck)
 i - a ring of resist corrosion
 n - a ring of fire
 o - a ring of wizardry (left hand)
 r - an amulet of guardian spirit
Wands
 C - a wand of charming (4)
 H - a wand of iceblast (6)
Scrolls
 c - a scroll of amnesia {unknown}
 e - a scroll of vulnerability {unknown}
 m - a scroll of noise {unknown}
 t - 2 scrolls of enchant armour {unknown}
 u - 2 scrolls of teleportation {unknown}
 v - 4 scrolls of identify {unknown}
 E - a scroll of blinking {unknown}
 G - a scroll of brand weapon {unknown}
Potions
 f - a potion of might {unknown}
 j - a potion of lignification {unknown}
 s - a potion of brilliance {unknown}
 w - 2 potions of magic {unknown}
 x - a potion of attraction {unknown}
 B - a potion of berserk rage {unknown}
 D - a potion of mutation {unknown}
 F - a potion of haste {unknown}


   Skills:
 + Level 4.3 Fighting
 - Level 4.7 Dodging
 - Level 3.0 Stealth
 * Level 3.7 Shields
 + Level 5.2 Spellcasting
 + Level 5.1 Summonings
 + Level 7.5 Ice Magic


You had 6 spell levels left.
You knew the following spells:

 Your Spells              Type           Power      Damage    Failure   Level
a - Freeze                Ice            100%       1d11      1%          1
b - Frozen Ramparts       Ice            60%        1d8       1%          3
c - Summon Small Mammal   Summ           84%        N/A       1%          1
d - Ozocubu's Armour      Ice            30%        N/A       1%          3
e - Call Canine Familiar  Summ           21%        N/A       2%          3

Your spell library contained the following spells:

 Spells                   Type           Power      Damage    Failure   Level
 Slow                     Hex            16%        N/A       8%          1
 Summon Guardian Golem    Hex/Summ       13%        N/A       8%          3
 Hailstorm                Conj/Ice       17%        3d6       16%         4
 Confusing Touch          Hex            4%         N/A       22%         3
 Dazzling Flash           Conj/Hex       8%         N/A       22%         3
 Gell's Gravitas          Tloc           4%         N/A       22%         3
 Lesser Beckoning         Tloc           4%         N/A       22%         3
 Teleport Other           Tloc           4%         N/A       22%         3
 Vampiric Draining        Necr           4%         2d6       22%         3
 Iskenderun's Mystic Bla  Conj/Tloc      4%         2d3       56%         4
 Starburst                Conj/Fire      2%         6d3       100%        6


Dungeon Overview and Level Annotations

Branches:
Dungeon (6/15)             Temple (0/1) D:5

Altars:
Wu Jian

Shops:
D:1 :

Annotations:
D:3 Natasha, Sigmund


Innate Abilities, Weirdness & Mutations

You are amphibious.
You cover ground slowly.
You can hop short distances.
You have an extended range of vision and can be seen from far away.


Message History

The steam dragon is moderately wounded.
The steam dragon bites you! The steam dragon misses you.
You barely miss the steam dragon.
The steam dragon is moderately wounded.
The steam dragon breathes steam at you. The ball of steam hits you!!
The jelly quivers.
You hit the steam dragon but do no damage.
The steam dragon is moderately wounded.
You are engulfed in a cloud of scalding steam.
The steam dragon barely misses you. x2; The steam dragon bites you!
* * * LOW HITPOINT WARNING * * *
You block the steam dragon's attack.
You are too injured to fight recklessly!
You are too injured to fight recklessly!
Unknown command.
The steam dragon barely misses you.
The steam dragon claws you but does no damage.
The jelly hits you but does no damage.
Casting: Call Canine Familiar (dangerous; 2% risk of failure)
Confirm with . or Enter, or press ? or * to list all spells.
The steam dragon completely misses you. The steam dragon barely misses you.
You block the jelly's attack. The steam dragon closely misses you.
The steam dragon completely misses you.
The jelly is engulfed in a cloud of scalding steam.
You hit the steam dragon. You burn the steam dragon.
The steam dragon is heavily wounded.
You hit the jelly. You burn the jelly.
You kill the jelly!
Your hound barely misses the steam dragon.
The steam dragon closely misses you. You block the steam dragon's attack.
Your hound barely misses the steam dragon.
You slash the steam dragon! You burn the steam dragon.
The steam dragon is almost dead.
Your hound bites the steam dragon but does no damage.
The steam dragon closely misses you. The steam dragon barely misses you.
Your hound bites the steam dragon.
The steam dragon breathes steam at you. The ball of steam hits you!!
You die...

.........#.....#...#....#
.........+.....#...#....#
#..###.....##########
####............
#............
+............
#........$...
#............
#...@........
#..Dh........
.......#+###....
........[# ....
.........# ..........+
.........(# ..........#
..........#


You could see a steam dragon (catching breath, ally target) and a friendly hound
(summoned).

Vanquished Creatures
  2 water moccasins
  2 black bears
  2 phantoms
  4 scorpions
  A water moccasin skeleton (D:4)
  A howler monkey (D:5)
  A centaur zombie (D:5)
  A jelly (D:6)
  2 hounds
  Ijyb (D:5)
  Natasha (D:3)
  4 iguanas (D:5)
  A hound skeleton (D:5)
  Robin (D:3)
  4 adders
  2 ufetubi
  An adder skeleton (D:4)
  2 worms
  A dart slug (D:4)
  An orc (D:3)
  2 endoplasms
  3 giant cockroaches
  11 goblins
  9 hobgoblins
  2 jackals (D:3)
  10 quokkas
  4 ball pythons
  3 bats
  10 frilled lizards
  3 kobolds
  4 rats
96 creatures vanquished.

Vanquished Creatures (collateral kills)
  Menkaure (D:6)
  2 necrophages
  A howler monkey zombie (D:5)
4 creatures vanquished.

Vanquished Creatures (others)
  6 plants (D:2)
6 creatures vanquished.

Grand Total: 106 creatures vanquished

Notes
Turn   | Place    | Note
-------+----------+-------------------------------------------
     0 | D:1      | a3don the Barachi Ice Elementalist began the quest for the
                  | Orb.
     0 | D:1      | Reached XP level 1. HP: 13/13 MP: 3/3
   532 | D:1      | Reached skill level 5 in Ice Magic
   532 | D:1      | Reached XP level 2. HP: 4/19 MP: 0/5
  1065 | D:1      | Found Irienahima's Book Emporium.
  1115 | D:1      | Learned a level 1 spell: Summon Small Mammal
  1691 | D:2      | Reached XP level 3. HP: 22/24 MP: 6/6
  1863 | D:2      | Learned a level 3 spell: Frozen Ramparts
  2170 | D:2      | Reached skill level 1 in Summonings
  2713 | D:3      | Noticed Robin
  2713 | D:3      | Noticed a water moccasin
  2724 | D:3      | Reached XP level 4. HP: 22/30 MP: 2/8
  2725 | D:3      | Killed a water moccasin
  2726 | D:3      | Reached XP level 5. HP: 26/35 MP: 0/9
  2750 | D:3      | Killed Robin
  3012 | D:3      | Noticed Natasha
  3013 | D:3      | Noticed Sigmund
  3023 | D:3      | Killed Natasha
  3024 | D:3      | Noticed Natasha
  3278 | D:4      | Reached XP level 6. HP: 41/41 MP: 11/11
  3291 | D:4      | Learned a level 3 spell: Ozocubu's Armour
  3295 | D:4      | Learned a level 3 spell: Call Canine Familiar
  3552 | D:4      | Reached skill level 1 in Fighting
  3552 | D:4      | Reached skill level 6 in Ice Magic
  3871 | D:4      | Noticed a necrophage
  3890 | D:4      | HP: 2/41 [necrophage (1)]
  3906 | D:4      | Killed a necrophage
  3907 | D:4      | Reached XP level 7. HP: 5/49 MP: 6/12
  4344 | D:4      | Found an ornate altar of the Wu Jian Council.
  4655 | D:4      | Identified the +3 hand axe of Embarrassment {flame, Dex+3
                  | Stlth+}
  4994 | D:5      | Entered Level 5 of the Dungeon
  5054 | D:5      | Noticed Ijyb
  5060 | D:5      | Killed Ijyb
  5064 | D:5      | Found a staircase to the Ecumenical Temple.
  5099 | D:5      | Reached XP level 8. HP: 41/58 MP: 9/14
  5244 | D:5      | Reached skill level 1 in Shields
  5506 | D:5      | Reached skill level 7 in Ice Magic
  6300 | D:6      | Reached skill level 5 in Spellcasting
  6444 | D:6      | Noticed Menkaure
  6457 | D:6      | Killed Menkaure
  6458 | D:6      | Reached skill level 5 in Summonings
  6635 | D:6      | Killed from afar by a steam dragon

Illustrated notes

Levels and vault maps discovered:
D:1:      dpeg_arrival_shelter, layout_basic, serial_shops,
          nicolae_shop_hallway_stairs
D:2:      cheibrodos_old_hovel, layout_basic, minmay_misc_feat_room,
          minmay_lizard_king
D:3:      layout_rooms, minmay_misc_feat_tiny, grunt_ministairs_11,
          uniq_sigmund, uniq_robin, uniq_natasha
D:4:      layout_loops_ring, pdpol_wu_jian_five_deadly_venoms,
          skrybe_limestone_x
D:5:      layout_cave_pools, minmay_temple_entry_mist, st_stairs_1, uniq_ijyb
D:6:      layout_gridville, serial_shops, shop_scrolls, nicolae_square_shop,
          uniq_edmund, uniq_menkaure, uniq_duvessa

Skill      XL: |  1  2  3  4  5  6  7  8 |
---------------+-------------------------+-----
Stealth        | 2 3 |  3.0
Ice Magic      | 5 6 7 |  7.5
Summonings     | 1 2 3 4 5 |  5.1
Dodging        | 3 4 |  4.7
Spellcasting   | 3 4 5 |  5.2
Fighting       | 1 3 4 |  4.3
Shields        | 3 |  3.7

Action                   |  1- 3 |  4- 6 |  7- 9 || total
-------------------------+-------+-------+-------++-------
Melee: Dagger            |    10 |       |       ||    10
       Whip              |    55 |    68 |     9 ||   132
       Unarmed           |     1 |       |       ||     1
       Punch             |     1 |     1 |       ||     2
       Hand axe          |       |       |    88 ||    88
 Fire: Hunting sling     |     9 |     6 |    20 ||    35
Throw: Dart              |       |       |     2 ||     2
 Cast: Freeze            |    20 |     7 |       ||    27
       Frozen Ramparts   |     4 |     5 |     7 ||    16
       Call Canine Famil |       |     2 |     7 ||     9
       Summon Small Mamm |       |       |     1 ||     1
 Abil: Hop               |       |     1 |       ||     1
 Stab: Sleeping          |     3 |       |     5 ||     8
       Distracted        |       |     1 |       ||     1
Armor: Robe              |    14 |     7 |    24 ||    45
Dodge: Dodged            |    43 |    57 |    92 ||   192
Block: Buckler           |       |       |    27 ||    27

Table legend: (Time is in decaauts)
 A = Elapsed time spent in this place.
 B = Non-inter-level travel time spent in this place.
 C = Inter-level travel time spent in this place.
 D = Time resting spent in this place.
 E = Time spent auto-exploring this place.
 F = Levels seen in this place.
 G = Mean time per level.
                   A        B        C        D        E       F      G
               +--------+--------+--------+--------+--------+-----+--------+
         Total |   7254 |   7112 |    142 |   1287 |   4754 |   6 | 1209.0 |
       Dungeon |   7254 |   7112 |    142 |   1287 |   4754 |   6 | 1209.0 |
               +--------+--------+--------+--------+--------+-----+--------+

Top non-repeatable levels by time:
     D:4: 2123 daAuts
     D:1: 1747 daAuts
     D:5: 1229 daAuts
     D:2: 1178 daAuts
     D:6: 568 daAuts
     D:3: 407 daAuts
